 Dungeon Crawl Stone Soup version 0.29.1-12-g30fa7ad0bf (webtiles) character file.

Game seed: 5944244008035040122

256 Rrauwl the Chopper (level 6, 0/56 HPs)
             Began as a Hill Orc Berserker on Dec 21, 2022.
             Was a Believer of Trog.
             Slain by an orc wizard
             ... wielding a +0 hammer
              (4 damage)
             ... on level 4 of the Dungeon.
             The game lasted 00:11:13 (3550 turns).

Rrauwl the Chopper (Hill Orc Berserker)             Turns: 3550, Time: 00:11:14

Health: 0/56       AC:  9    Str: 20    XL:     6   Next: 16%
Magic:  0/5        EV: 11    Int:  5    God:    Trog [**....]
Gold:   132        SH:  0    Dex: 10    Spells: 5/5 levels left

rFire   + . .      SeeInvis .   a - +0 hand axe
rCold   . . .      Faith    .   (no shield)
rNeg    . . .      Spirit   +   f - +0 ring mail
rPois   .          Reflect  .   (no helmet)
rElec   .          Harm     .   (no cloak)
rCorr   .          Rampage  .   h - +2 pair of gloves
Will    .....                   (no boots)
Stlth   ..........              b - amulet of guardian spirit
HPRegen 0.18/turn               i - ring of protection from fire
MPRegen 0.09/turn               (no ring)

@: no status effects
A: deterioration 1, dopey 1, low MP 1, weak 1, MP-powered wands
a: Renounce Religion, Berserk, Trog's Hand


You were on level 4 of the Dungeon.
You worshipped Trog.
Trog was pleased with you.
You visited 1 branch of the dungeon, and saw 4 of its levels.

You collected 132 gold pieces.

Inventory:

Hand Weapons
 a - a +0 hand axe (weapon)
 c - a +0 sling
Armour
 f - a +0 ring mail (worn)
 h - a +2 pair of gloves (worn)
Jewellery
 b - an amulet of guardian spirit (around neck)
 i - a ring of protection from fire (left hand)
Scrolls
 d - 2 scrolls of fear
 e - a scroll of teleportation
 g - 2 scrolls of blinking
 j - a scroll of identify


   Skills:
 + Level 5.5 Fighting
 + Level 6.0 Axes
 - Level 4.0 Armour
 - Level 2.0 Dodging


You had 5 spell levels left.
You didn't know any spells.
Your spell library was empty.

Dungeon Overview and Level Annotations

Branches:
Dungeon (4/15)
 Temple: D:4-7

Altars:


Innate Abilities, Weirdness & Mutations

Your body sometimes deteriorates upon taking damage.
You are dopey. (Int -2)
Your magical capacity is low. (-10% MP)
You are weak. (Str -2)
You expend magic power (3 MP) to strengthen your wands.


Message History

You are too confused!
You feel sick. Something hits you. The scorpion closely misses you.
You miss the scorpion. You completely miss something.
You feel sick. Something barely misses you.
The scorpion stings you but does no damage.
Something hits you.
You feel sick. The scorpion stings you.
You are more poisoned.
The scorpion poisons you!
You feel very sick.
You hear some strange, mumbled words.
A magic dart appears from out of thin air!
The magic dart hits you.
You feel very sick. The scorpion closely misses you.
The scorpion attacks as you move away! The scorpion barely misses you.
You feel less confused.
You feel sick.
You hear some strange, mumbled words.
You are confused.
You feel sick.
You're too confused to move!
You feel sick. The scorpion closely misses you.
You feel sick. The scorpion completely misses you. Something hits you.
* * * LOW HITPOINT WARNING * * *
The scorpion attacks as you move away! The scorpion stings you.
* * * LOW HITPOINT WARNING * * *
You feel sick.
An adder comes into view.
Something hits you but does no damage.
The scorpion stings you but does no damage.
You feel sick. Something hits you.
* * * LOW HITPOINT WARNING * * *
You miss something. You hit the scorpion.
You feel sick.
You are no longer poisoned.
Something hits you but does no damage. The scorpion stings you.
* * * LOW HITPOINT WARNING * * *
You're too confused to move!
You feel less confused.
The scorpion stings you but does no damage.
Something hits you.
You die...

........####....##
..........####...##.#
...........###.....
#.#........#.#..##..#
# ##.......).)).....#
.#........).###......
..........### #....
..#........### ...
........@....# .
.......s{....###
...............#
....S............
.................
.................
.................
.............####
...........###


You could see a scorpion and an adder.

Vanquished Creatures
  A scorpion (D:4)
  A jelly (D:4)
  An orc priest (D:3)
  6 adders
  A worm (D:2)
  A dart slug (D:3)
  6 orcs
  10 ball pythons
  4 bats
  6 endoplasms
  4 giant cockroaches
  6 hobgoblins
  8 jackals
  3 quokkas
  5 frilled lizards
  4 goblins
  A kobold (D:3)
  6 rats
74 creatures vanquished.

Notes
Turn   | Place    | Note
-------+----------+-------------------------------------------
     0 | D:1      | Rrauwl the Hill Orc Berserker began the quest for the Orb.
     0 | D:1      | Reached XP level 1. HP: 19/19 MP: 1/1
   254 | D:1      | Reached XP level 2. HP: 27/27 MP: 2/2
   549 | D:1      | Reached XP level 3. HP: 15/33 MP: 3/3
   956 | D:2      | Reached ** piety under Trog
  1175 | D:2      | Gained mutation: Armour fits poorly on your strangely
                  | shaped body. [potion of mutation]
  1175 | D:2      | Gained mutation: Your body sometimes deteriorates upon
                  | taking damage. [potion of mutation]
  1175 | D:2      | Gained mutation: You possess an exceptional clarity of
                  | mind. [potion of mutation]
  1176 | D:2      | Lost mutation: You possess an exceptional clarity of mind.
                  | [potion of mutation]
  1176 | D:2      | Lost mutation: Armour fits poorly on your strangely shaped
                  | body. [potion of mutation]
  1176 | D:2      | Gained mutation: You have hidden genetic defects. [potion
                  | of mutation]
  1176 | D:2      | Gained mutation: Your magical capacity is low. (-10% MP)
                  | [potion of mutation]
  1176 | D:2      | Gained mutation: You expend magic power (3 MP) to
                  | strengthen your wands. [potion of mutation]
  1263 | D:2      | Gained mutation: You are weak. (Str -2) [hidden defects]
  1400 | D:2      | Reached XP level 4. HP: 32/41 MP: 1/3
  1407 | D:2      | Gained mutation: You are dopey. (Int -2) [hidden defects]
  1407 | D:2      | Lost mutation: You have hidden genetic defects. [hidden
                  | defects expressed]
  2148 | D:3      | Reached skill level 5 in Axes
  2158 | D:3      | Noticed an ogre
  2434 | D:3      | Reached XP level 5. HP: 25/47 MP: 2/4
  3183 | D:4      | Reached skill level 5 in Fighting
  3412 | D:4      | Reached XP level 6. HP: 43/56 MP: 3/5
  3444 | D:4      | Reached skill level 6 in Axes
  3550 | D:4      | Slain by an orc wizard

Illustrated notes

Levels and vault maps discovered:
D:1:      dpeg_arrival_tiny_a, layout_loops_cross
D:2:      layout_basic
D:3:      layout_basic
D:4:      kennysheep_goblin_castle, layout_cave_pools,
          nicolae_gozag_zags_fifth_avenue, minmay_temple_entry_from_below_a,
          nicolae_figureground_sparkle, uniq_crazy_yiuf_cottage

Skill      XL: |  1  2  3  4  5  6 |
---------------+-------------------+-----
Fighting       | 4 5 |  5.5
Dodging        | 2 |  2.0
Armour         | 3 4 |  4.0
Axes           | 5 6 |  6.0

Action                   |  1- 3 |  4- 6 || total
-------------------------+-------+-------++-------
Melee: Hand axe          |    96 |   167 ||   263
  Use: Potion            |     5 |     4 ||     9
       Scroll            |     5 |       ||     5
Armor: Animal skin       |     4 |       ||     4
       Ring mail         |    35 |    69 ||   104
Dodge: Dodged            |    46 |    97 ||   143
